 Dungeon Crawl Stone Soup version 0.21.1-1-g345015f (webtiles) character file.

48511 iamserjio the Spry (level 14, -2/99 HPs)
             Began as an Octopode Monk on Apr 5, 2018.
             Was a High Priest of Dithmenos.
             Slain by an anaconda (18 damage)
             ... on level 1 of the Snake Pit on Apr 6, 2018.
             The game lasted 02:54:46 (24780 turns).

iamserjio the Spry (Octopode Monk)                 Turns: 24780, Time: 02:54:47

Health: -2/99      AC:  1    Str: 10    XL:     14   Next: 46%
Magic:  0/21       EV: 26    Int: 17    God:    Dithmenos [*****.]
Gold:   1088       SH: 11    Dex: 20    Spells: 17/23 levels left

rFire    + + .     SeeInvis .   F - +5 rapier (venom)
rCold    . . .     Gourm    .   d - +0 shield
rNeg     . . .     Faith    .   (helmet restricted)
rPois    .         Spirit   +   u - amulet of guardian spirit
rElec    .         Reflect  .   H - +1 ring of evasion
rCorr    .         Harm     .   M - ring of protection from magic
MR       ++...                  N - ring of flight
Stlth    ++++++++..             x - ring of protection from fire
HPRegen  0.26/turn              K - +5 ring of intelligence
MPRegen  0.17/turn              X - ring of protection from fire
                                (no ring)
                                (no ring)

@: wreathed by umbra, drained
A: almost no armour, stealthy swim, amphibious, 8 rings, constrict 8, camouflage
1, gelatinous body 1
a: Shadow Step, Shadow Form, Renounce Religion, Evoke Flight


You were on level 1 of the Snake Pit.
You worshipped Dithmenos.
Dithmenos was extremely pleased with you.
You were very hungry.

You visited 5 branches of the dungeon, and saw 24 of its levels.
You also visited: Sewer.

You collected 1393 gold pieces.
You spent 305 gold pieces at shops.

Inventory:

Hand Weapons
 l - a +2 halberd
 F - a +5 rapier of venom (weapon)
 I - a +3 shortbow
 Q - a +5 hand axe of freezing
 S - a +0 dagger of draining
 T - the +2 mace of Urgency {crush, Str+5}
   (You found it on level 1 of the Lair of Beasts)

   It inflicts extra damage upon your enemies.
   It affects your strength (+5).
Missiles
 C - 311 arrows
Armour
 d - a +0 shield (worn)
 h - a +0 large shield
 m - a +0 buckler
Jewellery
 j - the amulet "Ohala" {Faith rPois}
   (You took it off a wight on level 8 of the Dungeon)

   [amulet of faith]

   It allows you to gain divine favour quickly.
   It protects you from poison.
 u - an amulet of guardian spirit (around mantle)
 x - a ring of protection from fire (on tentacle)
 H - a +1 ring of evasion (left tentacle)
 K - a +5 ring of intelligence (on tentacle)
 M - a ring of protection from magic (right tentacle)
 N - a ring of flight (on tentacle)
 R - an uncursed ring of fire
 W - an uncursed ring of ice
 X - a ring of protection from fire (on tentacle)
 Z - a +2 amulet of reflection
Wands
 a - a wand of polymorph (14)
 k - a wand of paralysis (49)
 w - a wand of digging (10)
 y - a wand of enslavement (9)
Scrolls
 c - a scroll of enchant armour {unknown}
 e - 4 scrolls of blinking {unknown}
 o - 3 scrolls of fear {unknown}
 p - 4 scrolls of teleportation
 r - 5 scrolls of enchant weapon
 v - 3 scrolls of fog
 J - a scroll of summoning {unknown}
 O - 2 scrolls of amnesia {unknown}
Potions
 g - a potion of lignification
 q - 2 potions of curing
 s - 4 potions of cancellation
 t - a potion of might
 z - 2 potions of invisibility {unknown}
 A - 2 potions of flight
 D - a potion of brilliance {unknown}
 E - a potion of berserk rage {unknown}
 G - a potion of agility {unknown}
 L - 4 potions of mutation
 P - a potion of resistance {unknown}
 U - a potion of haste {unknown}
Books
 f - a book of Conjurations

   Spells                             Type                      Level
   a - Magic Dart                     Conjuration                  1
   b - Searing Ray                    Conjuration                  2
   c - Dazzling Spray                 Conjuration/Hexes            3
   d - Fulminant Prism                Conjuration/Hexes            4
   e - Force Lance                    Conjuration/Translocation    4
   f - Iskenderun's Mystic Blast      Conjuration                  4
 V - a book of Minor Magic

   Spells                             Type                      Level
   a - Magic Dart                     Conjuration                  1
   b - Blink                          Translocation                2
   c - Call Imp                       Summoning                    2
   d - Slow                           Hexes                        2
   e - Conjure Flame                  Conjuration/Fire             3
   f - Mephitic Cloud                 Conjuration/Poison/Air       3
Miscellaneous
 n - 2 phantom mirrors
Comestibles
 b - 35 rations


   Skills:
 + Level 10.1(9.2) Fighting
 - Level 8.1(7.4) Short Blades
 * Level 15.6(14.7) Dodging
 - Level 8.1(7.3) Stealth
 + Level 9.9(9.1) Shields
 - Level 5.0(4.3) Spellcasting
 - Level 9.0(8.2) Invocations


You had 17 spell levels left.
You knew the following spells:

 Your Spells              Type           Power        Failure   Level  Hunger
a - Blink                 Tloc           N/A          43%         2    ##.....
b - Call Imp              Summ           #.......     43%         2    ##.....
c - Slow                  Hex            #.......     43%         2    ##.....


Dungeon Overview and Level Annotations

Branches:
Dungeon (14/15)            Temple (1/1) D:4            Lair (5/6) D:11
 Shoals (0/4) Lair:3        Snake (2/4) Lair:3          Orc (2/2) D:11
    Elf (0/3) Orc:2
  Slime: Lair:5-6    Vaults: D:13-14

Altars:
Ashenzari
Cheibriados
Dithmenos
Elyvilon
Fedhas
Hepliaklqana
Kikubaaqudgha
Makhleb
Nemelex Xobeh
Okawaru
Sif Muna
Trog
Uskayaw
Wu Jian
Xom
Zin
The Shining One

Shops:
D:6 *   Orc:2 [

Annotations:
D:3 Verendum's ghost, amateur GrFi
D:7 Mirai's ghost, novice DECj
D:14 Snorg; Totori's ghost, journeyman HOFE
Orc:1 exclusion: oklob plant
Orc:2 Saint Roka


Innate Abilities, Weirdness & Mutations

You cannot wear most types of armour.
You are very stealthy in the water. (Stealth+)
You are amphibious.
You can wear up to eight rings at the same time.
You can use your tentacles to constrict eight enemies at once.
Your skin changes colour to match your surroundings (Stealth+).
Your rubbery body absorbs attacks. (AC +1, EV +1)


Message History

Press ? for a list of commands and other information.
Cast which spell? (? or * to list)
Okay, then.
Unknown command.
Save game and exit?
Welcome back, iamserjio the Octopode Monk.
Dithmenos says: Spread the eternal night.
Press ? for a list of commands and other information.
Save game and exit?
Welcome back, iamserjio the Octopode Monk.
Dithmenos says: Spread the eternal night.
Press ? for a list of commands and other information.
You block the anaconda's attack. The anaconda misses you.
Char dumped successfully.
Unknown command.
Unknown command.
Unknown command.
Okay, then.
You feel better. You block the anaconda's attack. The anaconda bites you!!
You die...

#....##########
####..........#
#####...##...
#####....#
#......###
#.####.#### ###
####.#..## #..
#..S.....# #.#
#..@...#......S.
#.#
#.<)...#####...#
#.# ##...##.# ##
#.###....##.#
#....[...##.#
#>.......##.####
#.....>..##....#
#.##.######....#
#....#### #....#


You could see an anaconda.

Vanquished Creatures
  Fannar (D:11)
  Erolcha (D:9)
  A naga warrior (Snake:1)
  Erica (D:11)
  2 centaur warriors (D:13)
  A queen ant (D:11)
  A tengu warrior (D:13)
  7 two-headed ogres
  An orc high priest (Orc:1)
  Nergalle (D:12)
  Sonja (Lair:1)
  A necromancer (Lair:2)
  A salamander (Snake:1)
  An ugly thing (D:14)
  2 deep elf magi
  A cyclops (D:11)
  A manticore (D:14)
  A black mamba (Snake:1)
  Maurice (D:12)
  7 spiny frogs
  2 kobold demonologists
  An efreet (D:13)
  A rime drake (Lair:4)
  6 komodo dragons
  A yaktaur (shapeshifter) (D:13)
  2 trolls (D:10)
  A tengu conjurer (D:13)
  A meliai (shapeshifter) (D:14)
  15 blink frogs
  Prince Ribbit (Lair:1)
  2 hornets
  8 hippogriffs
  Sigmund (D:6)
  A shadow (D:11)
  10 yaks
  A wraith (D:14)
  3 wyverns
  A vampire (D:13)
  A human (D:7)
  Eustachio (D:6)
  4 hungry ghosts
  7 hogs
  2 basilisks
  10 vampire mosquitoes
  6 nagas
  2 wargs (Orc:1)
  A swamp worm (shapeshifter) (D:8)
  21 soldier ants
  6 water moccasins
  2 black bears
  2 ice beasts
  15 porcupines
  Purgy (Sewer)
  4 phantoms
  An eye of draining (D:11)
  12 orc warriors
  8 sky beasts
  3 wolves (Lair:1)
  5 ogres
  7 centaurs
  15 crocodiles
  Blork the orc (D:6)
  A big kobold (D:10)
  11 bullfrogs
  A gnoll sergeant (D:11)
  A wyvern skeleton (D:9)
  5 scorpions
  13 killer bees
  9 wights
  An electric eel (Lair:3)
  3 howler monkeys
  9 crimson imps
  4 centaur zombies
  7 hounds
  A quasit (D:14)
  4 bullfrog zombies
  5 orc priests
  3 centaur skeletons
  2 jellies
  A bullfrog skeleton (D:5)
  16 orc wizards
  29 worker ants
  3 iguanas
  2 yak simulacra (Lair:2)
  4 polar bear simulacra (Lair:2)
  3 wolf simulacra (Lair:2)
  2 hound zombies
  A hound skeleton (D:5)
  A worker ant zombie (D:11)
  7 gnolls
  13 adders
  6 shadow imps
  An ooze (D:1)
  An adder zombie (D:6)
  3 worms
  3 dart slugs
  6 leopard geckos
  53 orcs
  6 bats
  7 giant cockroaches
  7 goblins
  7 hobgoblins
  8 jackals
  6 quokkas
  3 ball pythons
  6 frilled lizards
  16 kobolds
  A quokka zombie (D:5)
  5 rats
  2 river rat simulacra (Lair:2)
538 creatures vanquished.

Vanquished Creatures (collateral kills)
  A crimson imp (D:11)
1 creature vanquished.

Vanquished Creatures (others)
  Kirke (D:12)
  An adder (D:12)
  3 orcs (D:12)
  A bush (D:11)
  4 fungi
  15 plants (D:11)
25 creatures vanquished.

Grand Total: 564 creatures vanquished

Notes
Turn   | Place    | Note
-------+----------+-------------------------------------------
     0 | D:1      | iamserjio the Octopode Monk began the quest for the Orb.
     0 | D:1      | Reached XP level 1. HP: 16/16 MP: 1/1
    57 | D:1      | Reached XP level 2. HP: 21/21 MP: 2/2
   448 | D:1      | Reached XP level 3. HP: 23/26 MP: 3/3
  1160 | D:2      | Reached XP level 4. HP: 31/31 MP: 4/4
  1595 | D:3      | Found a white marble altar of Elyvilon.
  1811 | D:3      | You fall through a shaft!
  1901 | D:4      | Reached skill level 4 in Dodging
  1977 | D:4      | Found a staircase to the Ecumenical Temple.
  1986 | Temple   | Entered the Ecumenical Temple
  2036 | Temple   | Became a worshipper of Dithmenos the Shadowed
  2036 | Temple   | Reached * piety under Dithmenos
  2036 | Temple   | Reached ** piety under Dithmenos
  2165 | D:4      | Reached XP level 5. HP: 36/36 MP: 5/5
  2345 | D:4      | Reached skill level 1 in Shields
  2358 | D:4      | Found a glowing drain.
  2370 | Sewer    | Entered a sewer
  2433 | Sewer    | Noticed Purgy
  2476 | Sewer    | Killed Purgy
  2476 | Sewer    | Reached XP level 6. HP: 7/43 MP: 6/6
  3508 | D:3      | Found a faded altar of an unknown god.
  3533 | D:3      | Noticed Verendum's ghost (amateur GrFi)
  3940 | D:5      | Entered Level 5 of the Dungeon
  3947 | D:5      | Reached skill level 5 in Dodging
  4196 | D:5      | Reached skill level 5 in Stealth
  4196 | D:5      | Reached XP level 7. HP: 48/48 MP: 7/7
  4221 | D:5      | Reached skill level 1 in Invocations
  5095 | D:6      | Reached skill level 6 in Dodging
  5155 | D:6      | Noticed Sigmund
  5179 | D:6      | Killed Sigmund
  5179 | D:6      | Reached XP level 8. HP: 38/54 MP: 9/9
  5294 | D:6      | Found a shimmering altar of Xom.
  5296 | D:6      | Noticed Eustachio
  5320 | D:6      | Killed Eustachio
  5509 | D:6      | Reached skill level 5 in Fighting
  5905 | D:6      | Noticed Blork the orc
  5914 | D:6      | Killed Blork the orc
  5914 | D:6      | Reached skill level 7 in Dodging
  5924 | D:6      | Reached *** piety under Dithmenos
  6062 | D:6      | Found Uboeff's General Store.
  6070 | D:6      | Bought a scroll of enchant weapon for 75 gold pieces
  6070 | D:6      | Bought a scroll of teleportation for 30 gold pieces
  6070 | D:6      | Bought a box of beasts for 200 gold pieces
  6098 | D:6      | Reached XP level 9. HP: 61/61 MP: 11/11
  6101 | D:6      | Found a deep blue altar of Sif Muna.
  6387 | D:6      | Reached skill level 8 in Dodging
  6608 | D:7      | Noticed Mirai's ghost (novice DECj)
  6652 | D:6      | Reached skill level 5 in Invocations
  7470 | D:8      | Noticed a kobold demonologist
  7472 | D:8      | Noticed a komodo dragon
  7493 | D:8      | Noticed a two-headed ogre
  7519 | D:8      | Reached skill level 5 in Shields
  7634 | D:8      | Reached XP level 10. HP: 69/69 MP: 14/14
  7677 | D:8      | Reached **** piety under Dithmenos
  7828 | D:8      | Reached skill level 5 in Short Blades
  7828 | D:8      | Reached skill level 9 in Dodging
  7893 | D:8      | Got a jewelled helmet
  8327 | D:8      | Noticed a two-headed ogre
  8331 | D:8      | Killed a two-headed ogre
  8356 | D:8      | Noticed a harpy
  8491 | D:8      | Killed a kobold demonologist
  8502 | D:8      | Found an ancient bone altar of Kikubaaqudgha.
  8502 | D:8      | Found a snail-covered altar of Cheibriados.
  8502 | D:8      | Noticed a manticore
  8503 | D:8      | Found a sparkling altar of Nemelex Xobeh.
  8585 | D:8      | Got a vibrating platinum amulet
  8760 | D:8      | Found a blossoming altar of Fedhas.
  8817 | D:9      | Noticed a two-headed ogre
  9022 | D:9      | Reached skill level 10 in Dodging
  9066 | D:9      | Found a bloodstained altar of Trog.
  9101 | D:9      | Identified the amulet "Ohala" {Faith rPois} (You took it off a wight on level 8 of the Dungeon)
  9108 | D:9      | Noticed a two-headed ogre
  9125 | D:9      | Killed a two-headed ogre
  9136 | D:9      | Noticed a two-headed ogre
  9302 | D:9      | Killed a two-headed ogre
  9302 | D:9      | Reached XP level 11. HP: 67/76 MP: 16/16
  9337 | D:9      | Found an ornate altar of the Wu Jian Council.
  9377 | D:9      | Found a glowing golden altar of the Shining One.
  9492 | D:10     | Entered Level 10 of the Dungeon
  9563 | D:9      | Noticed Erolcha
  9594 | D:9      | Killed Erolcha
  9900 | D:9      | Killed a two-headed ogre
  9900 | D:9      | Reached skill level 11 in Dodging
  9952 | D:9      | Found a glowing silver altar of Zin.
 10490 | D:10     | Reached ***** piety under Dithmenos
 11035 | D:10     | Reached skill level 1 in Spellcasting
 11142 | D:10     | Learned a level 2 spell: Blink
 11145 | D:10     | Learned a level 2 spell: Call Imp
 11704 | D:11     | Noticed a cyclops
 11767 | D:11     | Killed a cyclops
 11767 | D:11     | Reached XP level 12. HP: 54/82 MP: 18/18
 11930 | D:11     | Reached skill level 12 in Dodging
 12549 | D:11     | Found a staircase to the Orcish Mines.
 12556 | Orc:1    | Entered Level 1 of the Orcish Mines
 12559 | Orc:2    | Entered Level 2 of the Orcish Mines
 12559 | Orc:2    | Found a staircase to the Elven Halls.
 12559 | Orc:2    | Found Nesic's Antique Armour Shoppe.
 12569 | Orc:2    | Noticed an orc high priest
 12967 | D:11     | Found a staircase to the Lair.
 12974 | D:11     | Noticed a two-headed ogre
 12981 | D:11     | Noticed Fannar
 13137 | D:11     | Noticed a queen ant
 13138 | D:11     | Reached ****** piety under Dithmenos
 13235 | D:12     | Noticed Kirke
 13279 | D:11     | Got an ancient helmet
 13286 | D:11     | Noticed Erica
 13291 | D:11     | Killed Erica
 13730 | D:13     | Noticed a two-headed ogre
 13737 | D:13     | Killed a two-headed ogre
 13895 | D:13     | Noticed a centaur warrior
 14242 | D:12     | Noticed Maurice
 14250 | D:12     | Killed Maurice
 14394 | D:12     | Found a burning altar of Makhleb.
 14414 | D:12     | Noticed Nergalle
 14437 | D:12     | Killed Nergalle
 14437 | D:12     | Reached skill level 13 in Dodging
 14597 | D:12     | Noticed a sphinx
 14605 | D:12     | Killed Kirke
 15334 | D:13     | Noticed a centaur warrior
 15340 | D:13     | Killed a centaur warrior
 15340 | D:13     | Reached skill level 5 in Spellcasting
 15345 | D:13     | Reached XP level 13. HP: 88/88 MP: 20/20
 15892 | D:13     | Learned a level 2 spell: Slow
 16524 | D:14     | Reached skill level 14 in Dodging
 16597 | D:14     | Noticed Totori's ghost (journeyman HOFE)
 16617 | D:14     | Found a deep blue altar of Sif Muna.
 17107 | D:14     | Noticed a crystal guardian
 17115 | D:14     | Noticed Snorg
 17136 | D:14     | Noticed a fire giant
 17803 | D:11     | Killed Fannar
 19107 | Orc:2    | Noticed Saint Roka
 19277 | Lair:1   | Entered Level 1 of the Lair of Beasts
 19454 | Lair:1   | Noticed Sonja
 19853 | Lair:1   | Killed Sonja
 19883 | Lair:1   | Noticed Prince Ribbit
 19894 | Lair:1   | Killed Prince Ribbit
 19894 | Lair:1   | Reached XP level 14. HP: 97/97 MP: 21/21
 19901 | Lair:1   | Reached skill level 15 in Dodging
 20227 | Lair:1   | Got a sapphire mace
 21694 | Lair:3   | Found a staircase to the Shoals.
 21827 | Lair:3   | Found a staircase to the Snake Pit.
 22506 | Lair:4   | Identified the cursed +2 mace of Urgency {crush, Str+5} (You found it on level 1 of the Lair of Beasts)
 23675 | Snake:1  | Entered Level 1 of the Snake Pit
 23709 | Snake:1  | Reached skill level 10 in Fighting
 24780 | Snake:1  | Slain by an anaconda

Skill      XL: |  1  2  3  4  5  6  7  8  9 10 11 12 13 14 |
---------------+-------------------------------------------+-----
Stealth        | 3 4 5 6 7 8 |  8.1
Dodging        | 4 5 6 7 8 10 11 13 14 15 | 15.6
Shields        | 1 2 3 4 5 7 9 |  9.9
Fighting       | 4 5 6 7 8 9 10 | 10.1
Invocations    | 2 3 5 7 8 9 |  9.0
Short Blades   | 4 6 7 8 |  8.1
Spellcasting   | 2 5 |  5.0

Action                   |  1- 3 |  4- 6 |  7- 9 | 10-12 | 13-15 || total
-------------------------+-------+-------+-------+-------+-------++-------
Melee: Short sword       |    74 |    11 |       |       |       ||    85
       Tentacles         |    11 |    17 |    57 |   149 |   192 ||   426
       Constrict         |    16 |    25 |    39 |    87 |    88 ||   255
       Whip              |       |   106 |    89 |       |       ||   195
       Rapier            |       |       |   105 |   643 |   682 ||  1430
       Spear             |       |       |     7 |       |       ||     7
       Mace              |       |       |       |       |    60 ||    60
 Cast: Slow              |       |       |       |       |     4 ||     4
Invok: Shadow Form       |       |       |       |     1 |     2 ||     3
Evoke: Wand              |       |     1 |       |     2 |       ||     3
       Box of beasts     |       |       |       |     1 |       ||     1
  Use: Scroll            |       |     1 |     2 |    10 |    13 ||    26
       Potion            |       |       |     2 |       |     8 ||    10
 Stab: Sleeping          |     9 |    19 |    26 |    38 |    55 ||   147
       Distracted        |     1 |       |       |    10 |     2 ||    13
       Paralysed         |       |     4 |       |       |       ||     4
       Invisible         |       |       |       |       |     1 ||     1
  Eat: Chunk             |     1 |     9 |    11 |    16 |    19 ||    56
       Ration            |       |       |       |     3 |     3 ||     6
Armor: Skin              |     7 |     4 |     6 |     3 |    11 ||    31
Dodge: Dodged            |    48 |   104 |   101 |   439 |   786 ||  1478
Block: Buckler           |       |    22 |    33 |   122 |   215 ||   392
       Shield            |       |       |       |       |    44 ||    44
